 Dungeon Crawl Stone Soup version 0.22.0-60-ga52c2fc (webtiles) character file.

100 marrkus the Ducker (level 4, 0/38 HPs)
             Began as a Gnoll Gladiator on Sept 9, 2018.
             Slain by Jessica
             ... wielding a +0 club
              (1 damage)
             ... on level 2 of the Dungeon.
             The game lasted 00:05:19 (949 turns).

marrkus the Ducker (Gnoll Gladiator)                 Turns: 949, Time: 00:05:20

Health: 0/38       AC:  5    Str: 17    XL:     4   Next: 74%
Magic:  5/5        EV: 16    Int: 10    God:
Gold:   47         SH:  0    Dex: 17    Spells: 5/5 levels left

rFire    . . .     SeeInvis .   a - +0 quarterstaff
rCold    . . .     Gourm    .   (shield currently unavailable)
rNeg     . . .     Faith    .   b - +0 leather armour
rPois    .         Spirit   .   c - +0 helmet
rElec    .         Reflect  .   (no cloak)
rCorr    .         Harm     .   (no gloves)
MR       .....                  g - +0 pair of boots
Stlth    ++........             (no amulet)
HPRegen  0.12/turn              (no ring)
MPRegen  0.09/turn              (no ring)

@: slowed, very slow
A: distributed training, fangs 1, strong nose
a: no special abilities


You were on level 2 of the Dungeon.
You were not hungry.

You visited 1 branch of the dungeon, and saw 2 of its levels.

You collected 47 gold pieces.

Inventory:

Hand Weapons
 a - a +0 quarterstaff (weapon)
 o - a +0 dagger
 q - a cursed -1 mace
Missiles
 d - 3 throwing nets (quivered)
 e - 24 bolts
 n - 25 stones
 p - 8 arrows
Armour
 b - a +0 leather armour (worn)
 c - a +0 helmet (worn)
 g - a +0 pair of boots (worn)
 k - a +0 chain mail
Jewellery
 l - a cursed ring of teleportation {unknown}
Scrolls
 h - a scroll of fog {unknown}
 j - 2 scrolls of teleportation {unknown}
 m - 2 scrolls of immolation {unknown}
Potions
 i - a potion of brilliance {unknown}
Comestibles
 f - 5 rations
 r - 2 chunks of flesh


   Skills:
 + Level 4.6 Fighting
 + Level 1.2 Short Blades
 + Level 1.2 Long Blades
 + Level 1.2 Axes
 + Level 1.2 Maces & Flails
 + Level 1.2 Polearms
 + Level 6.6 Staves
 + Level 1.2 Slings
 + Level 1.2 Bows
 + Level 1.2 Crossbows
 + Level 4.6 Throwing
 + Level 1.2 Armour
 + Level 6.6 Dodging
 + Level 1.2 Stealth
 + Level 1.2 Shields
 + Level 1.2 Unarmed Combat
 + Level 1.2 Spellcasting
 + Level 1.0 Conjurations
 + Level 1.0 Hexes
 + Level 1.0 Charms
 + Level 1.0 Summonings
 + Level 1.0 Necromancy
 + Level 1.0 Translocations
 + Level 1.0 Transmutations
 + Level 1.0 Fire Magic
 + Level 1.0 Ice Magic
 + Level 1.0 Air Magic
 + Level 1.0 Earth Magic
 + Level 1.0 Poison Magic
 + Level 1.3 Invocations
 + Level 1.2 Evocations


You had 5 spell levels left.
You didn't know any spells.
Your spell library was empty.

Dungeon Overview and Level Annotations

Branches:
Dungeon (2/15)

Altars:

Annotations:
D:2 Jessica


Innate Abilities, Weirdness & Mutations

Your experience applies equally to all skills.
You have very sharp teeth.
Your uncanny sense of smell can sniff out nearby items.


Message History

The hobgoblin hits you but does no damage.
The gnoll hits you with a spear.
You barely miss the gnoll.
The gnoll is severely wounded.
Jessica points at you and mumbles some strange words.
Pain shoots through your body!
The hobgoblin hits you but does no damage.
The gnoll misses you.
You hit the gnoll.
The gnoll is almost dead.
Jessica points at you and mumbles some strange words.
You feel yourself slow down.
The hobgoblin hits you but does no damage.
The gnoll hits you with a spear!
* * * LOW HITPOINT WARNING * * *
Jessica says, "I'm really upset."
The gnoll hits you from afar with a spear.
* * * LOW HITPOINT WARNING * * *
Jessica hits you with a club.
You die...

#..............
#..###.#........ ∆
#. #.#########
..####.#
##.##†...#
#..#..#### ..
#.##.## #. #....#
#.. ###@.### #.#
##.g@##
#..###rg.##
#..#..#†#
#......#####
#...(........
.......#.#######..
@..#####.# # .r#


You could see a gnoll, Jessica, a hobgoblin and a rat.

Vanquished Creatures
  An iguana (D:2)
  2 gnolls (D:2)
  An adder (D:2)
  3 oozes (D:1)
  3 dart slugs (D:1)
  A leopard gecko (D:1)
  A giant cockroach (D:1)
  5 goblins
  A hobgoblin (D:1)
  4 kobolds (D:1)
  6 bats (D:1)
  A frilled lizard (D:1)
  2 rats (D:1)
31 creatures vanquished.

Notes
Turn   | Place    | Note
-------+----------+-------------------------------------------
     0 | D:1      | marrkus the Gnoll Gladiator began the quest for the Orb.
     0 | D:1      | Reached XP level 1. HP: 20/20 MP: 1/1
   102 | D:1      | Reached XP level 2. HP: 23/26 MP: 2/2
   244 | D:1      | Reached XP level 3. HP: 31/31 MP: 3/3
   540 | D:1      | Reached skill level 1 in Invocations
   881 | D:2      | Reached skill level 1 in Short Blades
   881 | D:2      | Reached skill level 1 in Long Blades
   881 | D:2      | Reached skill level 1 in Axes
   881 | D:2      | Reached skill level 1 in Maces & Flails
   881 | D:2      | Reached skill level 1 in Polearms
   881 | D:2      | Reached skill level 1 in Slings
   881 | D:2      | Reached skill level 1 in Bows
   881 | D:2      | Reached skill level 1 in Crossbows
   881 | D:2      | Reached skill level 1 in Armour
   881 | D:2      | Reached skill level 1 in Stealth
   881 | D:2      | Reached skill level 1 in Shields
   881 | D:2      | Reached skill level 1 in Unarmed Combat
   881 | D:2      | Reached skill level 1 in Spellcasting
   881 | D:2      | Reached skill level 1 in Evocations
   912 | D:2      | Reached XP level 4. HP: 34/38 MP: 5/5
   924 | D:2      | Noticed Jessica
   940 | D:2      | Reached skill level 1 in Conjurations
   940 | D:2      | Reached skill level 1 in Hexes
   940 | D:2      | Reached skill level 1 in Charms
   940 | D:2      | Reached skill level 1 in Summonings
   940 | D:2      | Reached skill level 1 in Necromancy
   940 | D:2      | Reached skill level 1 in Translocations
   940 | D:2      | Reached skill level 1 in Transmutations
   940 | D:2      | Reached skill level 1 in Fire Magic
   940 | D:2      | Reached skill level 1 in Ice Magic
   940 | D:2      | Reached skill level 1 in Air Magic
   940 | D:2      | Reached skill level 1 in Earth Magic
   940 | D:2      | Reached skill level 1 in Poison Magic
   949 | D:2      | HP: 1/38 [gnoll/spear (6)]
   949 | D:2      | Slain by Jessica

Skill      XL: |  1  2  3  4 |
---------------+-------------+-----
Invocations    | 1 |  1.3
Short Blades   | 1 |  1.2
Long Blades    | 1 |  1.2
Axes           | 1 |  1.2
Maces & Flails | 1 |  1.2
Polearms       | 1 |  1.2
Slings         | 1 |  1.2
Bows           | 1 |  1.2
Crossbows      | 1 |  1.2
Armour         | 1 |  1.2
Stealth        | 1 |  1.2
Shields        | 1 |  1.2
Unarmed Combat | 1 |  1.2
Spellcasting   | 1 |  1.2
Evocations     | 1 |  1.2
Conjurations   | 1 |  1.0
Hexes          | 1 |  1.0
Charms         | 1 |  1.0
Summonings     | 1 |  1.0
Necromancy     | 1 |  1.0
Translocations | 1 |  1.0
Transmutations | 1 |  1.0
Fire Magic     | 1 |  1.0
Ice Magic      | 1 |  1.0
Air Magic      | 1 |  1.0
Earth Magic    | 1 |  1.0
Poison Magic   | 1 |  1.0
Fighting       | |  4.6
Staves         | |  6.6
Throwing       | |  4.6
Dodging        | |  6.6

Action                   |  1- 3 |  4- 6 || total
-------------------------+-------+-------++-------
Melee: Quarterstaff      |    66 |    16 ||    82
       Bite              |     3 |     2 ||     5
 Stab: Sleeping          |     2 |       ||     2
Armor: Leather armour    |    10 |     5 ||    15
Dodge: Dodged            |    52 |    18 ||    70
